AoeStats
← Bainsi

Acropolis

503649898Analyzed
1v1 RM · 2mo ago on Sep 1, 2026· 61m 16s· 2 players
Game mode
Random Map
Map size
Tiny (2 player)
Population
200
Speed
Normal
Resources
Standard
Victory
Conquest
Starting age
Dark Age
Ending age
Imperial Age
RankedLock teamsTeams togetherTeam positionsShared explorationLock speedFull tech treeHidden civsTurbo modeCheats
Victory
Defeat
🇬🇧 Bulgarians · United Kingdom
758
+15
vs
🇬🇧 Turks · United Kingdom
742
-15
Bainsi
0:42 Loom
11:26 Feudal Age
18:12 Bloodlines
18:10 Scale Barding Armor
21:49 Forging
23:12 Scale Mail Armor
30:30 Double-Bit Axe
37:09 Castle Age
43:45 Husbandry
44:54 Bow Saw
45:13 Horse Collar
47:55 Murder Holes
48:12 Fortified Wall
48:09 Fletching
49:18 Bodkin Arrow
51:34 Chain Barding Armor
57:12 Padded Archer Armor
58:19 Masonry
58:39 Ballistics
59:47 Squires
Wandervogel
5:16 Loom
10:02 Feudal Age
13:12 Horse Collar
16:09 Wheelbarrow
16:41 Forging
18:33 Scale Mail Armor
21:43 Bloodlines
24:08 Double-Bit Axe
29:58 Castle Age
28:36 Scale Barding Armor
30:22 Gold Mining
30:58 Pikeman
31:43 Husbandry
34:08 Iron Casting
33:28 Stone Mining
34:12 Heavy Plow
36:37 Squires
43:13 Arson
43:51 Bow Saw
43:59 Hand Cart
44:35 Chain Mail Armor
46:31 Chain Barding Armor
46:42 Gambesons
53:33 Imperial Age
53:28 Fletching
53:39 Padded Archer Armor
54:43 Stirrups
56:14 Crop Rotation
57:34 Leather Archer Armor
Connection lost

Rejoining the realm…

Still unreachable

The connection could not be restored.

Session expired

The server has moved on; the page needs a fresh start.